 Dungeon Crawl Stone Soup version 0.30-a0-242-g7bf8e6d787 (webtiles) character file.

Game seed: 3690001215182723636

14 koil the Sneak (level 2, -4/13 HPs)
             Began as a Spriggan Enchanter on Oct 12, 2022.
             Slain by a worm (9 damage)
             ... on level 2 of the Dungeon.
             The game lasted 00:03:44 (1132 turns).

koil the Sneak (Spriggan Enchanter)                 Turns: 1132, Time: 00:03:45

Health: -4/13      AC:  2    Str:  4    XL:     2   Next: 31%
Magic:  6/6        EV: 16    Int: 16    God:
Gold:   51         SH:  5    Dex: 15    Spells: 4/6 levels left

rFire   . . .      SeeInvis +    a - +1 dagger
rCold   . . .      Faith    .    e - +0 buckler
rNeg    . . .      Spirit   .    b - +0 robe
rPois   .          Reflect  .    (helmet restricted)
rElec   .          Harm     .    (no cloak)
rCorr   .          Rampage  .    (gloves unavailable)
Will    .....                    (boots unavailable)
Stlth   +++.......               (no amulet)
HPRegen 0.22/turn                (no ring)
MPRegen 0.10/turn                (no ring)

@: very quick
A: very small, no large weapons, unfitting armour, see invisible, speed 3
a: no special abilities


You were on level 2 of the Dungeon.
You visited 1 branch of the dungeon, and saw 2 of its levels.

You collected 51 gold pieces.

Inventory:

Hand Weapons
 a - a +1 dagger (weapon)
Armour
 b - a +0 robe (worn)
 e - a +0 buckler (worn)
Jewellery
 l - a ring of protection from fire
Scrolls
 d - a scroll of brand weapon {unknown}
 i - a scroll of poison {unknown}
 n - 4 scrolls of identify {unknown}
Potions
 c - 3 potions of invisibility
 f - a potion of might {unknown}
 g - a potion of degeneration {unknown}
 h - a potion of magic {unknown}
 j - 3 potions of curing {unknown}
 k - 2 potions of heal wounds {unknown}
 m - a potion of attraction {unknown}


   Skills:
 + Level 0.2 Fighting
 + Level 1.5 Short Blades
 + Level 2.9 Dodging
 + Level 4.6 Stealth
 + Level 2.9 Spellcasting
 + Level 3.8 Hexes
 + Level 0.0 Ice Magic


You had 4 spell levels left.
You knew the following spells:

 Your Spells              Type           Power      Damage    Failure   Level
a - Ensorcelled Hibernat  Hex/Ice        16%        N/A       28%         2

Your spell library contained the following spells:

 Spells                   Type           Power      Damage    Failure   Level
 Confusing Touch          Hex            14%        N/A       26%         3
 Tukima's Dance           Hex            14%        N/A       26%         3
 Dazzling Flash           Conj/Hex       16%        N/A       50%         3
 Sublimation of Blood     Necr           2%         N/A       54%         2
 Petrify                  Tmut/Erth      2%         N/A       99%         4
 Irradiate                Conj/Tmut      1%         3d12      100%        5


Dungeon Overview and Level Annotations

Branches:
Dungeon (2/15)

Altars:


Innate Abilities, Weirdness & Mutations

You are very small and have problems with some larger weapons.
You are too small for most types of armour.
You have supernaturally acute eyesight. (SInv)
You cover ground extremely quickly. (Speed+++)


Message History

Okay, then.
Unknown command.
Unknown command.
Casting: Ensorcelled Hibernation (astonishingly dangerous; 28% risk of failure)
Confirm with . or Enter, or press ? or * to list all spells.
Okay, then.
Unknown command.
You hit the worm but do no damage. The worm bites you.
You hit the worm.
The worm is lightly wounded.
You hit the worm.
The worm is lightly wounded.
The worm bites you but does no damage.
You hit the worm but do no damage.
The worm is lightly wounded.
You hit the worm.
The worm is lightly wounded.
The worm misses you.
You hit the worm.
The worm is lightly wounded.
The worm barely misses you.
You hit the worm.
The worm is moderately wounded.
You hit the worm.
The worm is heavily wounded.
The worm barely misses you.
You hit the worm.
The worm is heavily wounded.
The worm bites you!
Ouch! That really hurt!
You hit the worm.
The worm is heavily wounded.
You hit the worm.
The worm is heavily wounded.
You block the worm's attack.
You hit the worm but do no damage.
The worm is heavily wounded.
The worm bites you!
Ouch! That really hurt!
You die...

### #.###########.
#ggw@.........
#######g############
g..g.$.........
....g##.################.#.
.... ##.......#............
... #....###.#.######.....
.. #....###.#.# #....... .
#....+.....# #.##....
#....###.### #.##....


You could see a worm and 3 gnolls.

Vanquished Creatures
  A bat (D:1)
  2 endoplasms (D:1)
  2 hobgoblins
  A kobold (D:1)
  A quokka (D:1)
  A ball python (D:1)
  2 frilled lizards (D:1)
  A goblin (D:1)
  3 rats (D:1)
14 creatures vanquished.

Notes
Turn   | Place    | Note
-------+----------+-------------------------------------------
     0 | D:1      | koil the Spriggan Enchanter began the quest for the Orb.
     0 | D:1      | Reached XP level 1. HP: 9/9 MP: 5/5
     2 | D:1      | Noticed an armataur
     2 | D:1      | Noticed a meteoran
     4 | D:1      | Noticed a felid
     4 | D:1      | Noticed a vampire
     6 | D:1      | Noticed a merfolk
     6 | D:1      | Noticed a gargoyle
     8 | D:1      | Noticed a vine stalker
     8 | D:1      | Noticed a draconian
    10 | D:1      | Noticed a tengu
    12 | D:1      | Noticed a spriggan
    12 | D:1      | Noticed an ogre
    14 | D:1      | Noticed a ghoul
    14 | D:1      | Noticed a naga
    16 | D:1      | Noticed a formicid
    16 | D:1      | Noticed a demonspawn
    18 | D:1      | Noticed a minotaur
    20 | D:1      | Noticed a troll
    20 | D:1      | Noticed an octopode
    22 | D:1      | Noticed a human
    22 | D:1      | Noticed a demigod
    24 | D:1      | Noticed a meteoran
    26 | D:1      | Noticed a formicid
   518 | D:1      | Reached XP level 2. HP: 13/13 MP: 6/6
   521 | D:1      | Learned a level 2 spell: Ensorcelled Hibernation
  1132 | D:2      | Slain by a worm

Illustrated notes

Levels and vault maps discovered:
D:1:      kb_arrival_jail, layout_basic
D:2:      layout_basic

Action                   || total
-------------------------++-------
Melee: Dagger            ||    48
 Stab: Sleeping          ||     7
Armor: Robe              ||     3
Dodge: Dodged            ||    15
Block: Buckler           ||     8

Table legend: (Time is in decaauts)
 A = Elapsed time spent in this place.
 B = Non-inter-level travel time spent in this place.
 C = Inter-level travel time spent in this place.
 D = Time resting spent in this place.
 E = Time spent auto-exploring this place.
 F = Levels seen in this place.
 G = Mean time per level.
                   A        B        C        D        E       F      G
               +--------+--------+--------+--------+--------+-----+--------+
         Total |    776 |    765 |     11 |    150 |    481 |   2 |  388.0 |
       Dungeon |    776 |    765 |     11 |    150 |    481 |   2 |  388.0 |
               +--------+--------+--------+--------+--------+-----+--------+

Top non-repeatable levels by time:
     D:1: 665 daAuts
     D:2: 111 daAuts
